 Dungeon Sprint DCSS version 0.23.1 (webtiles) character file.

Game seed: 13685455955470722427

5191 nuthulu the Blocker (level 10, 0/101 HPs)
             Began as a Minotaur Fighter on Mar 13, 2019.
             Was an Elder of Qazlal.
             Slain by a lorocyproca (7 damage)
             ... in the Dungeon (Sprint I: "Red Sonja").
             The game lasted 00:03:35 (2213 turns).

nuthulu the Blocker (Minotaur Fighter)              Turns: 2213, Time: 00:03:35

Health: 0/101      AC: 19    Str: 23    XL:     10   Next: 34%
Magic:  0/17       EV:  7    Int:  5    God:    Qazlal [****..]
Gold:   460        SH: 19    Dex: 11    Spells: 9/9 levels left

rFire    + . .     SeeInvis .   a - +0 war axe
rCold    . . .     Gourm    .   c - +0 shield
rNeg     . . .     Faith    .   m - +0 plate armour (curse)
rPois    .         Spirit   .   (helmet restricted)
rElec    .         Reflect  .   p - +0 cloak
rCorr    .         Harm     .   f - +0 pair of gloves {archery}
MR       .....     NoTele   +   (no boots)
Stlth    ..........             (no amulet)
HPRegen  0.26/turn              n - ring of protection from fire
MPRegen  0.15/turn              (no ring)

@: repel missiles
A: retaliatory headbutt, horns 2
a: Upheaval, Elemental Force, Renounce Religion


You were in the Dungeon.
You worshipped Qazlal.
Qazlal was greatly pleased with you.
You were not hungry.

You visited 1 branch You collected 761 gold pieces.
You spent 301 gold pieces at shops.

Inventory:

Hand Weapons
 a - a +0 war axe (weapon)
Armour
 b - a +0 scale mail
 c - a +0 shield (worn)
 f - a +0 pair of gloves of archery (worn)
 m - a cursed +0 plate armour (worn)
 p - a +0 cloak (worn)
Jewellery
 n - a ring of protection from fire (left hand)
Wands
 l - a wand of digging (6)
Scrolls
 d - a scroll of magic mapping {unknown}
 k - a scroll of blinking
Potions
 e - a potion of curing
 g - 2 potions of heal wounds
 h - a potion of haste
 i - 2 potions of magic
 j - a potion of berserk rage
 o - a potion of invisibility


   Skills:
 + Level 13.1 Fighting
 + Level 13.1 Axes
 + Level 13.2 Armour
 + Level 13.3 Shields
 * Level 11.6 Invocations


You had 9 spell levels left.
You didn't know any spells.
Your spell library was empty.

Dungeon Overview and Level Annotations

Branches:
Dungeon (1/1)

Altars:
Cheibriados
Dithmenos
Elyvilon
Fedhas
Gozag
Hepliaklqana
Kikubaaqudgha
Makhleb
Nemelex Xobeh
Okawaru
Qazlal
Ru
Sif Muna
Trog
Uskayaw
Vehumet
Wu Jian
Xom
Yredelemnul
Zin
The Shining One
Jiyva
Lugonu

Shops:
D ![


Innate Abilities, Weirdness & Mutations

You reflexively headbutt those who attack you in melee.
You have a pair of horns on your head.


Message History

Deactivating autopickup; reactivate with Ctrl-A.
There is an arrow trap, spattered with blood here.
You hit something but do no damage. Something hits you but does no damage.
You slash something! You headbutt something. Something hits you.
You feel your power leaking away.
You hit something. Something hits you!!
You closely miss something. You block something's attack.
Unknown command.
You closely miss something. Something hits you.
You completely miss something. You headbutt something. You miss something.
Something hits you.
You feel your power leaking away.
You miss something. Your headbutt misses something. Something hits you!
* * * LOW HITPOINT WARNING * * *
Your plate armour prevents you from hitting something.
Something hits you but does no damage.
You hit something. Something hits you!!
* * * LOW HITPOINT WARNING * * *
You slash something! Something hits you!
You die...

#..'^.'..#)).##'#
##'#__####...)..# ##
.#)####§§#####..+ #$###
##§#≈≈≈§§#..##'####○.$#y#
#§.'§§§.§§..#...°^#°.$###
.._#§§§§§#..#°.°°.°..$$$#
.#'##+#####'###^○.#^....#
+#.#..)(###.'.#§^{# #++##
####[###.###.#°@##
+.....'(∩##†#°○#
###########§##°# #.##(#
+.#### #§# #§# +§# ###


There were no monsters in sight!

Vanquished Creatures
  2 centaur warriors (D)
  A deep troll (D)
  An oklob plant (D)
  2 kobold demonologists (D)
  A gargoyle (D)
  4 demonic crawlers (D)
  A hornet (D)
  A slime creature (D)
  Sigmund (D)
  2 redbacks (D)
  A yak (D)
  A floating eye (D)
  An ogre (D)
  A jelly (D)
  Ijyb (D)
21 creatures vanquished.

Vanquished Creatures (others)
  2 hornets (D)
2 creatures vanquished.

Grand Total: 23 creatures vanquished

Notes
Turn   | Place    | Note
-------+----------+-------------------------------------------
     0 | D        | nuthulu the Minotaur Fighter began the quest for the Orb.
     0 | D        | Reached XP level 1. HP: 19/19 MP: 0/0
     2 | D        | Noticed Ijyb
    22 | D        | Killed Ijyb
    22 | D        | Reached skill level 5 in Fighting
    22 | D        | Reached skill level 5 in Armour
    22 | D        | Reached skill level 5 in Shields
    22 | D        | Reached XP level 2. HP: 25/29 MP: 1/1
    61 | D        | Noticed an ogre
    65 | D        | Killed an ogre
    65 | D        | Reached skill level 5 in Axes
    65 | D        | Reached XP level 3. HP: 34/38 MP: 2/2
    65 | D        | Reached XP level 4. HP: 41/45 MP: 3/3
   104 | D        | Noticed Sigmund
   119 | D        | Killed Sigmund
   119 | D        | Reached XP level 5. HP: 22/53 MP: 4/4
   510 | D        | Found an ornate altar of the Wu Jian Council.
   510 | D        | Found a deep blue altar of Sif Muna.
   512 | D        | Found a radiant altar of Vehumet.
   517 | D        | Reached XP level 6. HP: 53/62 MP: 5/5
   588 | D        | Found Vinues Rouh's Distillery.
   588 | D        | Found an ancient bone altar of Kikubaaqudgha.
   588 | D        | Found a hazy altar of Hepliaklqana.
   588 | D        | Found a stormy altar of Qazlal.
   588 | D        | Found a hide-covered altar of Uskayaw.
   588 | D        | Found a blossoming altar of Fedhas.
   588 | D        | Found a bloodstained altar of Trog.
   588 | D        | Found an iron altar of Okawaru.
   588 | D        | Found a basalt altar of Yredelemnul.
   588 | D        | Found a glowing golden altar of the Shining One.
   588 | D        | Found a snail-covered altar of Cheibriados.
   588 | D        | Found a sacrificial altar of Ru.
   588 | D        | Found a glowing silver altar of Zin.
   588 | D        | Found a shadowy altar of Dithmenos.
   588 | D        | Found a white marble altar of Elyvilon.
   588 | D        | Noticed a yak
   591 | D        | Killed a yak
   592 | D        | Found an opulent altar of Gozag.
   595 | D        | Found a sparkling altar of Nemelex Xobeh.
   599 | D        | Bought a potion of heal wounds for 70 gold pieces
   599 | D        | Bought a potion of heal wounds for 70 gold pieces
   599 | D        | Bought a potion of invisibility for 112 gold pieces
   603 | D        | Became a worshipper of Qazlal Stormbringer
   619 | D        | Found a viscous altar of Jiyva.
   619 | D        | Found a corrupted altar of Lugonu.
   619 | D        | Noticed a slime creature
   620 | D        | Found a burning altar of Makhleb.
   620 | D        | Found a shimmering altar of Xom.
   626 | D        | Killed a slime creature
   626 | D        | Reached XP level 7. HP: 51/71 MP: 5/8
   728 | D        | Noticed a kobold demonologist
   729 | D        | Noticed a kobold demonologist
   729 | D        | Paralysed by a floating eye for 3 turns
   734 | D        | Reached skill level 10 in Fighting
   734 | D        | Reached skill level 10 in Armour
   734 | D        | Reached skill level 10 in Shields
   737 | D        | Noticed a ynoxinul
   739 | D        | Noticed a ynoxinul
   743 | D        | Killed a kobold demonologist
   743 | D        | Reached * piety under Qazlal
   743 | D        | Reached skill level 10 in Axes
   743 | D        | Reached skill level 5 in Invocations
   744 | D        | Noticed a red devil
   752 | D        | Killed a kobold demonologist
   752 | D        | Reached XP level 8. HP: 64/81 MP: 11/11
   885 | D        | Noticed a centaur warrior
   888 | D        | Noticed a centaur warrior
   903 | D        | Killed a centaur warrior
   904 | D        | Killed a centaur warrior
   904 | D        | Reached ** piety under Qazlal
   904 | D        | Reached XP level 9. HP: 22/90 MP: 11/14
  1179 | D        | Paralysed by a hornet for 3 turns
  1265 | D        | Noticed an oklob plant
  1274 | D        | Killed an oklob plant
  1274 | D        | Reached skill level 10 in Invocations
  1488 | D        | Noticed a deep troll
  1497 | D        | Killed a deep troll
  1505 | D        | Found Egioqoff's Armour Emporium.
  1509 | D        | Bought a +0 cloak for 49 gold pieces
  1681 | D        | Reached *** piety under Qazlal
  1683 | D        | Reached XP level 10. HP: 100/100 MP: 15/17
  1747 | D        | Reached **** piety under Qazlal
  2032 | D        | Noticed a gargoyle
  2045 | D        | Killed a gargoyle
  2213 | D        | Slain by a lorocyproca

Skill      XL: |  1  2  3  4  5  6  7  8  9 10 |
---------------+-------------------------------+-----
Fighting       | 5 6 8 9 10 11 12 13 | 13.1
Axes           | 4 5 7 8 9 10 11 12 13 | 13.1
Armour         | 5 6 8 9 10 11 12 13 | 13.2
Shields        | 5 6 8 9 10 12 13 | 13.3
Invocations    | 3 6 9 10 11 | 11.6

Action                   |  1- 3 |  4- 6 |  7- 9 | 10-12 || total
-------------------------+-------+-------+-------+-------++-------
Melee: War axe           |    23 |    21 |    62 |    38 ||   144
       Headbutt          |     3 |     5 |     8 |    12 ||    28
Invok: Upheaval          |       |       |       |     1 ||     1
  Use: Potion            |       |       |     2 |       ||     2
  Eat: Ration            |       |       |     1 |       ||     1
       Chunk             |       |       |     1 |       ||     1
Armor: Scale mail        |    10 |     4 |       |       ||    14
       Plate armour      |       |     2 |    58 |    44 ||   104
Dodge: Dodged            |     5 |     2 |    14 |    18 ||    39
       Deflected         |       |       |       |     1 ||     1
Block: Shield            |    12 |     7 |    58 |    54 ||   131
